 Dungeon Crawl Stone Soup version 0.23-b1-6-ga921848b48 (webtiles) character file.

Game seed: 15837364058713512658

84225 Peloso the Peltast (level 15, -8/136 HPs)
             Began as a Minotaur Fighter on Feb 2, 2019.
             Was a High Priest of Okawaru.
             Mangled by a two-headed ogre
             ... wielding a +0 giant club
              (14 damage)
             ... while paralysed by an ogre mage
             ... on level 2 of the Orcish Mines.
             The game lasted 01:07:20 (24789 turns).

Peloso the Peltast (Minotaur Fighter)              Turns: 24789, Time: 01:07:21

Health: -8/136     AC: 26    Str: 27    XL:     15   Next: 34%
Magic:  0/17       EV:  2    Int:  5    God:    Okawaru [*****.]
Gold:   2502       SH:  0    Dex: 19    Spells: 14/14 levels left

rFire    + + +     SeeInvis .   a - +8 falchion of Jahunt {slice, Stlth+}
rCold    . . .     Gourm    .   c - +0 shield
rNeg     . . .     Faith    .   L - +2 plate armour {rF+}
rPois    .         Spirit   +   O - +2 hat
rElec    .         Reflect  .   F - +1 cloak
rCorr    .         Harm     .   v - +0 pair of gloves {Dex+3}
MR       ++...                  M - +0 pair of boots of the Buccaneer {*Corrode rF+++} (curse)
Stlth    ..........             x - amulet "Ziwk" {Spirit +Fly Dex+3}
HPRegen  0.32/turn              p - ring "Plog" {MR+ Str+3 Stlth-}
MPRegen  0.15/turn              u - +1 ring of slaying

@: paralysed
A: retaliatory headbutt, horns 2
a: Heroism, Finesse, Renounce Religion, Evoke Flight


You were on level 2 of the Orcish Mines.
You worshipped Okawaru.
Okawaru was extremely pleased with you.
You were not hungry.

You visited 4 branches of the dungeon, and saw 22 of its levels.
You also visited: Gauntlet and Volcano.

You collected 2502 gold pieces.

Inventory:

Hand Weapons
 a - the +8 falchion of Jahunt (weapon) {slice, Stlth+}
   (You found it on level 13 of the Dungeon)

   It inflicts extra damage upon your enemies.
   It makes you more stealthy.
 b - a +4 falchion of electrocution
Armour
 c - a +0 shield (worn)
 s - a +1 chain mail of cold resistance
 v - a +0 pair of gloves of dexterity (worn)
 F - a +1 cloak (worn)
 G - the +2 pair of boots "Qoiss" {rPois}
   (You found it in a Gauntlet)

   It protects you from poison.
 I - a +1 pair of gloves of archery
 K - a +1 plate armour of cold resistance
 L - a +2 plate armour of fire resistance (worn)
 M - the cursed +0 pair of boots of the Buccaneer (worn) {*Corrode rF+++}
   (You found it in a volcano)

   It renders you almost immune to fire.
   It may corrode you when you take damage.
   It has a curse placed upon it.
 O - a +2 hat (worn)
 R - +0 fire dragon scales
Jewellery
 d - an uncursed ring of protection from magic
 j - an uncursed ring of flight
 l - a +6 amulet of reflection
 m - an uncursed ring of magical power
 n - an uncursed ring of protection from cold
 p - the ring "Plog" (left hand) {MR+ Str+3 Stlth-}
   (You found it on level 5 of the Lair of Beasts)

   [ring of attention]

   It affects your strength (+3).
   It affects your resistance to hostile enchantments.
   It makes you less stealthy.
 u - a +1 ring of slaying (right hand)
 x - the amulet "Ziwk" (around neck) {Spirit +Fly Dex+3}
   (You found it in a Gauntlet)

   [amulet of guardian spirit]

   It causes incoming damage to be split between your health and magic.
   It affects your dexterity (+3).
   It lets you fly.
 y - an uncursed ring of resist corrosion
 A - an uncursed ring of see invisible
Wands
 k - a wand of enslavement (5)
 t - a wand of flame (25)
 w - a wand of paralysis (3)
Scrolls
 g - 3 scrolls of identify
 h - 9 scrolls of teleportation
 i - 2 scrolls of amnesia
 r - 9 scrolls of remove curse
 B - a scroll of fog
 C - a scroll of noise
 D - 3 scrolls of fear
 H - 2 scrolls of magic mapping
 J - a scroll of blinking
Potions
 e - a potion of ambrosia
 o - 2 potions of haste
 E - 3 potions of heal wounds
 N - 3 potions of curing
 P - 2 potions of brilliance
 Q - 2 potions of berserk rage
Miscellaneous
 q - 2 phantom mirrors
Comestibles
 f - 38 rations
 z - 8 chunks of flesh


   Skills:
 + Level 13.3 Fighting
 + Level 16.1 Long Blades
   Level 3.2 Maces & Flails
 + Level 14.1 Armour
 + Level 5.9 Dodging
 + Level 1.4 Stealth
 + Level 17.8 Shields
 + Level 4.9 Invocations
 + Level 1.9 Evocations


You had 14 spell levels left.
You didn't know any spells.
Your spell library contained the following spells:

 Spells                   Type           Power        Failure   Level  Hunger
 Beastly Appendage        Tmut           #.....       98%         1    ##.....
 Freeze                   Ice            #...         98%         1    ##.....
 Infusion                 Chrm           #...         98%         1    ##.....
 Magic Dart               Conj           #...         98%         1    ##.....
 Shock                    Conj/Air       #...         98%         1    ##.....
 Blink                    Tloc           N/A          99%         2    ###....
 Call Imp                 Summ           #.......     99%         2    ###....
 Searing Ray              Conj           #.....       99%         2    ###....
 Shroud of Golubria       Chrm/Tloc      #.........   99%         2    ###....
 Slow                     Hex            #.......     99%         2    ###....
 Song of Slaying          Chrm           #.......     99%         2    ###....
 Swiftness                Chrm/Air       #.......     99%         2    ###....
 Throw Frost              Conj/Ice       #.....       99%         2    ###....
 Conjure Flame            Conj/Fire      #.......     100%        3    ####...
 Dazzling Spray           Conj/Hex       #.....       100%        3    ####...
 Ignite Poison            Fire/Tmut/Pois #.......     100%        3    ####...
 Inner Flame              Hex/Fire       #.......     100%        3    ####...
 Mephitic Cloud           Conj/Pois/Air  #.......     100%        3    ####...
 Ozocubu's Armour         Chrm/Ice       #.......     100%        3    ####...
 Regeneration             Chrm/Necr      #.........   100%        3    ####...
 Spectral Weapon          Hex/Chrm       #.......     100%        3    ####...
 Spider Form              Tmut/Pois      #.........   100%        3    ####...
 Static Discharge         Conj/Air       #.......     100%        3    ####...
 Airstrike                Air            #.........   100%        4    #####..
 Force Lance              Conj/Tloc      #.......     100%        4    #####..
 Fulminant Prism          Conj/Hex       #.........   100%        4    #####..
 Iskenderun's Mystic Bla  Conj           #.......     100%        4    #####..
 Summon Ice Beast         Ice/Summ       #.......     100%        4    #####..
 Throw Icicle             Conj/Ice       #.......     100%        4    #####..
 Fireball                 Conj/Fire      #.........   100%        5    ######.
 Irradiate                Conj/Tmut      #.........   100%        5    ######.
 Lightning Bolt           Conj/Air       #.........   100%        5    ######.
 Bolt of Fire             Conj/Fire      #.........   100%        6    #######
 Freezing Cloud           Conj/Ice/Air   #.........   100%        6    #######
 Ring of Flames           Chrm/Fire      #.........   100%        7    #######
 Ignition                 Fire           #.........   100%        8    #######


Dungeon Overview and Level Annotations

Branches:
Dungeon (13/15)            Temple (1/1) D:7            Lair (6/6) D:9
  Swamp (0/4) Lair:2       Spider (0/4) Lair:4        Slime (0/5) Lair:6
    Orc (2/2) D:11
    Elf: Orc:2       Vaults: D:13-14

Altars:
Ashenzari
Cheibriados
Dithmenos
Elyvilon
Fedhas
Gozag
Hepliaklqana
Kikubaaqudgha
Makhleb
Nemelex Xobeh
Okawaru
Qazlal
Ru
Sif Muna
Trog
Uskayaw
Vehumet
Wu Jian
Xom
Yredelemnul
Zin
The Shining One
Beogh
Jiyva

Shops:
D:4 [   D:11 [   Orc:2 ?(?*

Annotations:
D:10 3 runed translucent doors, stillor's ghost, novice DsFi


Innate Abilities, Weirdness & Mutations

You reflexively headbutt those who attack you in melee.
You have a pair of horns on your head.


Message History

You block the two-headed ogre's attack. x2
The ogre mage casts a spell at you.
You suddenly lose the ability to move!
The two-headed ogre hits you with a +0 giant club!
The two-headed ogre barely misses you.
The ogre mage points at you and mumbles some strange words.
The bolt of lightning hits you!!
The ogre hits you with a +0 giant spiked club!
* * * LOW HITPOINT WARNING * * *
The two-headed ogre hits you with a +0 giant club!!
* * * LOW HITPOINT WARNING * * *
The two-headed ogre hits you with a +0 giant club!
* * * LOW HITPOINT WARNING * * *
The two-headed ogre hits you but does no damage.
The two-headed ogre completely misses you.
The ogre barely misses you.
The two-headed ogre hits you but does no damage. x2
The ogre mage hits you but does no damage.
The two-headed ogre hits you with a +0 giant club!
You die...

#.......## # ##........#####
.#.#....#.....#..######
.....[.[...........##.##
...[[.........#).......#######
...................##...##.#.##
#..............)....#..##.....##
...............OO)......#..#...##
...............O@...............#
.........#.o))[OO..#.#....##...##
.)..$)..).O.)......##.#....##.##
..........................#####
###.....$.................#
.###......#..............##
..##.....#........###'####
..##..............##.[)##
...#..............#.8)8.#


You could see 4 two-headed ogres, an ogre mage, an orc warrior and an ogre.

Vanquished Creatures
  Gastronok (Lair:1)
  Kirke (Lair:4)
  An orc warlord (Orc:1)
  A stone giant (Orc:1)
  A minotaur (Gauntlet)
  2 fire dragons
  Erolcha (D:9)
  Harold (Lair:1)
  A hell beast (Gauntlet)
  10 hydras
  2 centaur warriors (D:13)
  11 two-headed ogres
  2 ogre magi (Orc:2)
  3 death yaks (Lair:4)
  A tengu warrior (D:8)
  Urug (D:10)
  An orc high priest (Orc:2)
  A deep elf knight (D:13)
  Nergalle (Lair:1)
  4 unseen horrors
  2 wizards (Gauntlet)
  Pikel (D:6)
  An orc knight (D:13)
  4 deep elf magi
  6 ugly things
  2 orc sorcerers
  3 salamanders (Volcano)
  3 elephants (Lair:6)
  Joseph (D:9)
  4 black mambas
  3 centaur zombies
  7 spiny frogs
  6 komodo dragons
  A rime drake (shapeshifter) (D:10)
  A kobold demonologist (D:13)
  5 trolls
  8 polar bears
  5 hornets
  2 bog bodies (Lair:2)
  A slime creature (D:13)
  5 hippogriffs
  14 blink frogs
  12 dream sheep
  15 spriggans (Lair:6)
  A shadow (D:12)
  A wraith (D:12)
  3 wyverns
  2 hogs (D:8)
  Eustachio (D:5)
  3 fire bats (Volcano)
  23 yaks
  A basilisk (Lair:3)
  2 hungry ghosts
  A human (D:8)
  2 vampire mosquitoes (D:13)
  Menkaure (D:6)
  2 wargs
  14 water moccasins
  2 hell hounds
  23 orc warriors
  15 porcupines
  6 black bears
  4 sky beasts
  4 ice beasts
  An eye of draining (D:13)
  4 boggarts (Lair:6)
  4 phantoms
  23 wolves
  3 centaurs
  22 ogres
  17 crocodiles
  A big kobold (D:13)
  14 bullfrogs
  Blork the orc (D:5)
  A wyvern skeleton (D:13)
  3 scorpions
  A water moccasin skeleton (D:10)
  9 killer bees
  A wight (D:13)
  5 electric eels
  3 vampire bats (Lair:6)
  2 howler monkeys
  4 crimson imps
  3 hounds
  Crazy Yiuf (D:7)
  3 jellies
  15 orc priests
  3 bullfrog skeletons
  7 centaur skeletons
  3 iguanas
  14 orc wizards
  16 worker ants
  A hound zombie (D:8)
  A worker ant zombie (D:11)
  3 gnolls (D:7)
  9 adders
  A howler monkey skeleton (D:8)
  5 shadow imps
  2 white imps (Gauntlet)
  2 oozes (D:4)
  An adder skeleton (D:4)
  3 dart slugs
  2 worms (D:4)
  A leopard gecko (D:8)
  57 orcs
  3 giant cockroaches
  6 hobgoblins
  9 jackals
  4 quokkas
  8 bats
  7 frilled lizards
  5 goblins
  A jackal zombie (D:6)
  6 kobolds
  3 leopard gecko skeletons
  12 rats
  A fungus (D:9)
607 creatures vanquished.

Vanquished Creatures (others)
  A human (Lair:4)
  2 centaurs
  An orc wizard (D:6)
  A leopard gecko (D:6)
  2 orcs
  A quokka (D:9)
  20 fungi
  2 plants (D:9)
30 creatures vanquished.

Grand Total: 637 creatures vanquished

Notes
Turn   | Place    | Note
-------+----------+-------------------------------------------
     0 | D:1      | Peloso the Minotaur Fighter began the quest for the Orb.
     0 | D:1      | Reached XP level 1. HP: 19/19 MP: 0/0
   122 | D:1      | Reached skill level 4 in Shields
   122 | D:1      | Reached XP level 2. HP: 15/27 MP: 1/1
   560 | D:2      | Found a blossoming altar of Fedhas.
   584 | D:2      | Reached XP level 3. HP: 29/33 MP: 2/2
   746 | D:2      | Found a faded altar of an unknown god.
  1574 | D:3      | Reached XP level 4. HP: 40/40 MP: 3/3
  2076 | D:4      | Reached skill level 5 in Shields
  2084 | D:4      | Reached XP level 5. HP: 32/46 MP: 4/4
  2290 | D:4      | Found Plog's Antique Armour Boutique.
  2555 | D:4      | Reached skill level 1 in Dodging
  2592 | D:4      | Noticed an ogre
  2598 | D:4      | Reached XP level 6. HP: 38/52 MP: 5/5
  2603 | D:4      | Reached skill level 5 in Long Blades
  2603 | D:4      | Reached skill level 5 in Armour
  2836 | D:5      | Entered Level 5 of the Dungeon
  3052 | D:5      | Noticed Blork the orc
  3060 | D:5      | Killed Blork the orc
  3163 | D:5      | Reached XP level 7. HP: 60/60 MP: 6/6
  3208 | D:5      | Reached skill level 6 in Shields
  3267 | D:5      | Found a sparkling altar of Nemelex Xobeh.
  3924 | D:6      | Noticed Eustachio
  4153 | D:5      | Killed Eustachio
  4191 | D:6      | Reached XP level 8. HP: 67/67 MP: 7/7
  4255 | D:6      | Noticed Pikel
  4255 | D:6      | Noticed Menkaure
  4258 | D:6      | Killed Menkaure
  4258 | D:6      | Reached skill level 5 in Fighting
  4258 | D:6      | Reached skill level 7 in Shields
  4278 | D:6      | Killed Pikel
  4278 | D:6      | Reached skill level 8 in Shields
  4729 | D:7      | Found a shimmering altar of Xom.
  4741 | D:7      | Reached XP level 9. HP: 71/74 MP: 8/8
  4745 | D:7      | Found an ornate altar of the Wu Jian Council.
  4791 | D:7      | Found a staircase to the Ecumenical Temple.
  4807 | Temple   | Entered the Ecumenical Temple
  4812 | Temple   | Became a worshipper of Warmaster Okawaru
  4954 | D:7      | Found a runed translucent door.
  4955 | D:7      | Noticed Crazy Yiuf
  4963 | D:7      | Killed Crazy Yiuf
  5341 | D:8      | Noticed a two-headed ogre
  5357 | D:8      | Killed a two-headed ogre
  5357 | D:8      | Reached * piety under Okawaru
  5357 | D:8      | Reached skill level 9 in Shields
  5576 | D:8      | Reached skill level 10 in Long Blades
  5585 | D:8      | Reached ** piety under Okawaru
  5596 | D:8      | Reached skill level 10 in Shields
  5714 | D:8      | Noticed a deep elf mage
  5741 | D:8      | Killed a deep elf mage
  5741 | D:8      | Reached XP level 10. HP: 23/84 MP: 7/9
  6223 | D:8      | Noticed a tengu warrior
  6235 | D:8      | Killed a tengu warrior
  6235 | D:8      | Reached *** piety under Okawaru
  6670 | D:9      | Noticed Joseph
  6703 | D:9      | Killed Joseph
  6820 | D:9      | Noticed Erolcha
  6843 | D:9      | Paralysed by Erolcha for 4 turns
  6858 | D:9      | Paralysed by Erolcha for 3 turns
  6868 | D:9      | Killed Erolcha
  6868 | D:9      | Reached **** piety under Okawaru
  6868 | D:9      | Reached skill level 11 in Shields
  7079 | D:9      | Found a staircase to the Lair.
  7390 | D:9      | Reached skill level 1 in Stealth
  7444 | D:9      | Found a bloodstained altar of Trog.
  7485 | D:9      | Reached XP level 11. HP: 92/93 MP: 10/10
  7556 | D:9      | Found a glowing golden altar of the Shining One.
  7566 | D:9      | Found a white marble altar of Elyvilon.
  7675 | D:9      | Found a basalt altar of Yredelemnul.
  7800 | D:8      | Reached ***** piety under Okawaru
  8191 | D:10     | Entered Level 10 of the Dungeon
  8220 | D:10     | Found a runed translucent gate.
  8220 | D:10     | Found a runed translucent gate.
  8220 | D:10     | Found a runed translucent gate.
  8224 | D:10     | Noticed a centaur warrior
  8224 | D:10     | Noticed stillor's ghost (novice DsFi)
  8567 | D:10     | Reached skill level 12 in Shields
  8817 | D:10     | Noticed Urug
  8838 | D:10     | Killed Urug
  8924 | D:10     | Noticed a fire dragon
  8946 | D:10     | Killed a fire dragon
  8946 | D:10     | Received a gift from Okawaru
  9796 | D:11     | Found a staircase to the Orcish Mines.
  9797 | D:11     | Found Huapom's Armour Shop.
  9897 | D:11     | Noticed a six-headed hydra
 10000 | Lair:1   | Entered Level 1 of the Lair of Beasts
 10002 | Lair:1   | Noticed an eight-headed hydra
 10014 | Lair:1   | Killed a 12-headed hydra
 10014 | Lair:1   | Reached skill level 10 in Armour
 10138 | Lair:1   | Reached skill level 13 in Shields
 10155 | Lair:1   | Noticed Harold
 10172 | Lair:1   | Killed Harold
 10186 | Lair:1   | Reached XP level 12. HP: 90/104 MP: 11/11
 10211 | Lair:1   | Noticed Nergalle
 10212 | Lair:1   | Noticed Gastronok
 10272 | Lair:2   | Received a gift from Okawaru
 10786 | Lair:2   | Noticed a four-headed hydra
 10800 | Lair:2   | Killed a seven-headed hydra
 10800 | Lair:2   | Reached skill level 1 in Invocations
 11124 | Lair:2   | Reached skill level 14 in Shields
 11296 | Lair:2   | Found a staircase to the Swamp.
 11366 | Lair:2   | Reached skill level 1 in Evocations
 11808 | Lair:3   | Noticed a seven-headed hydra
 11855 | Lair:3   | Killed a 12-headed hydra
 11855 | Lair:3   | Reached skill level 10 in Fighting
 11989 | Lair:3   | Received a gift from Okawaru
 13366 | Lair:4   | Noticed a seven-headed hydra
 13491 | Lair:1   | Killed Gastronok
 13491 | Lair:1   | Received a gift from Okawaru
 13491 | Lair:1   | Reached XP level 13. HP: 89/114 MP: 5/13
 14069 | D:11     | Got a twisted flail
 14070 | D:11     | Identified the +6 flail of Tortfeasance {protect, MR++
                  | SInv} (You found it on level 11 of the Dungeon)
 14367 | D:11     | Got an encrusted ring mail
 14378 | D:11     | Identified the +2 ring mail of the Amoeba {MR+} (You found
                  | it on level 11 of the Dungeon)
 14866 | D:12     | Reached skill level 1 in Maces & Flails
 15208 | D:13     | Found a gate leading to a gauntlet.
 15227 | Gauntlet | Entered a Gauntlet
 15227 | Gauntlet | Found a transporter.
 15236 | Gauntlet | Found a transporter.
 15236 | Gauntlet | Noticed an entropy weaver
 15250 | Gauntlet | Found a runed translucent door.
 15253 | Gauntlet | Found a transporter.
 15255 | Gauntlet | Found a transporter.
 15265 | Gauntlet | Noticed a death ooze
 15270 | Gauntlet | Found a transporter.
 15282 | Gauntlet | Found a runed translucent door.
 15286 | Gauntlet | Found a transporter.
 15298 | Gauntlet | Found a transporter.
 15316 | Gauntlet | Found a transporter.
 15320 | Gauntlet | Found a transporter.
 15328 | Gauntlet | Found a transporter.
 15346 | Gauntlet | Noticed a green death
 15352 | Gauntlet | Found a transporter.
 15352 | Gauntlet | Found a transporter.
 15541 | Gauntlet | Reached skill level 15 in Shields
 15557 | Gauntlet | Got a bound ivory amulet
 15559 | Gauntlet | Identified the amulet "Ziwk" {Spirit +Fly Dex+3} (You found
                  | it in a Gauntlet)
 15709 | Gauntlet | Got a pair of jewelled boots
 15722 | Gauntlet | Identified the +2 pair of boots "Qoiss" {rPois} (You found
                  | it in a Gauntlet)
 15861 | Gauntlet | Identified the ring "Vodeyss" {Ice +Inv Int+4}
 15861 | Gauntlet | Noticed a minotaur
 15872 | Gauntlet | Killed a minotaur
 15875 | Gauntlet | Identified the Volume of Fetching Transmigration
 15875 | Gauntlet | Identified Rinuerro's Guide on Flamy Air
 15884 | Gauntlet | Got a translucent arbalest
 16144 | D:13     | Received a gift from Okawaru
 16514 | Lair:1   | Killed Nergalle
 16968 | D:13     | Reached skill level 15 in Long Blades
 17215 | D:13     | Noticed a fire dragon
 17226 | D:13     | Killed a fire dragon
 17544 | D:13     | Reached skill level 5 in Dodging
 17544 | D:13     | Reached XP level 14. HP: 46/125 MP: 2/15
 18014 | D:13     | Got a jewelled falchion
 18015 | D:13     | Identified the +8 falchion of Jahunt {slice, Stlth+} (You
                  | found it on level 13 of the Dungeon)
 18413 | Lair:4   | Noticed Kirke
 18424 | Lair:4   | Killed Kirke
 18687 | Lair:4   | Reached skill level 16 in Shields
 19135 | Lair:4   | Found a hole to the Spider Nest.
 19724 | Lair:5   | Got a wavering lead ring
 19729 | Lair:5   | Identified the ring "Plog" {MR+ Str+3 Stlth-} (You found it
                  | on level 5 of the Lair of Beasts)
 20058 | Lair:5   | Received a gift from Okawaru
 20323 | Lair:6   | Entered Level 6 of the Lair of Beasts
 21226 | Lair:6   | Found a viscous altar of Jiyva.
 21227 | Lair:6   | Found a staircase to the Slime Pits.
 21536 | Lair:6   | Reached skill level 17 in Shields
 22246 | Orc:1    | Entered Level 1 of the Orcish Mines
 22303 | Orc:1    | Noticed an orc warlord
 22362 | Orc:1    | Killed an orc warlord
 22362 | Orc:1    | Received a gift from Okawaru
 22413 | Orc:1    | Found a dark tunnel.
 22548 | Orc:1    | Noticed a stone giant
 22553 | Volcano  | Entered a volcano
 22646 | Volcano  | Reached XP level 15. HP: 93/134 MP: 12/17
 22825 | Volcano  | Got a pair of transparent boots
 22836 | Volcano  | Identified the cursed +0 pair of boots of the Buccaneer
                  | {*Corrode rF+++} (You found it in a volcano)
 23708 | Orc:2    | Entered Level 2 of the Orcish Mines
 23723 | Orc:2    | Found a roughly hewn altar of Beogh.
 24707 | Orc:2    | Received a gift from Okawaru
 24753 | Orc:2    | Found Kanush's Magic Scroll Boutique.
 24753 | Orc:2    | Found Bizeck's Magic Scroll Emporium.
 24758 | Orc:2    | Found Eqaar's Weapon Emporium.
 24758 | Orc:2    | Found Xamiolom's Assorted Antiques.
 24786 | Orc:2    | Paralysed by an ogre mage for 4 turns
 24787 | Orc:2    | HP: 6/136 [two-headed ogre/+0 giant club (7)]
 24789 | Orc:2    | Mangled by a two-headed ogre

Skill      XL: |  1  2  3  4  5  6  7  8  9 10 11 12 13 14 15 |
---------------+----------------------------------------------+-----
Shields        | 4 5 6 8 10 11 13 14 15 17 | 17.8
Armour         | 4 5 6 7 8 9 10 11 12 13 14 | 14.1
Fighting       | 4 5 6 7 9 10 11 12 13 | 13.3
Long Blades    | 3 4 5 7 8 10 12 13 14 15 16 | 16.1
Dodging        | 1 2 3 4 5 |  5.9
Stealth        | 1 |  1.4
Invocations    | 1 3 4 |  4.9
Evocations     | 1 |  1.9
Maces & Flails | 3 |  3.2

Action                   |  1- 3 |  4- 6 |  7- 9 | 10-12 | 13-15 || total
-------------------------+-------+-------+-------+-------+-------++-------
Melee: Long sword        |    99 |   113 |   251 |   553 |       ||  1016
       Headbutt          |    15 |    26 |    54 |   202 |   354 ||   651
       Falchion          |       |       |       |   240 |  1038 ||  1278
       Flail             |       |       |       |       |    14 ||    14
Invok: Heroism           |       |       |     1 |    11 |    16 ||    28
       Finesse           |       |       |       |     2 |     9 ||    11
Evoke: Wand              |       |       |       |     4 |     6 ||    10
  Use: Scroll            |     4 |     1 |     2 |     8 |    13 ||    28
       Potion            |       |       |     2 |     5 |     6 ||    13
  Eat: Chunk             |     1 |     6 |     5 |    26 |    32 ||    70
       Ration            |       |       |     1 |       |     1 ||     2
Armor: Scale mail        |    51 |       |       |       |       ||    51
       Chain mail        |     1 |    32 |    53 |   153 |   281 ||   520
       Plate armour      |       |       |       |       |    69 ||    69
Dodge: Dodged            |    31 |    15 |    43 |   143 |   351 ||   583
Block: Shield            |    66 |    73 |   173 |   568 |   699 ||  1579
       Reflection        |       |     2 |     3 |    10 |     3 ||    18
       Rpst.: Long sword |     7 |     6 |     9 |    24 |       ||    46
       Falchion          |       |       |       |    10 |    70 ||    80
